 Dungeon Crawl Stone Soup version 0.17-a0-1738-g82cdc46 (webtiles) character file.

1215 kae the Martial Artist (level 8, -11/58 HPs)
             Began as a Demonspawn Monk on Aug 30, 2015.
             Killed from afar by a wight (21 damage)
             ... with a wand of lightning
             ... on level 5 of the Dungeon.
             The game lasted 00:05:14 (6015 turns).

kae the Martial Artist (Demonspawn Monk)            Turns: 6015, Time: 00:05:14

Health: -11/58     AC:  2    Str: 13    XL:     8   Next: 22%
Magic:  8/8        EV: 14    Int: 11    God:
Gold:   262        SH:  0    Dex: 17    Spells: 0 memorised, 7 levels left

rFire  . . .     SeeInvis .       - Unarmed
rCold  . . .     Clarity  .     a - +0 robe
rNeg   . . .     SustAt   .     (no shield)
rPois  .         Gourm    .     (no helmet)
rElec  .         Spirit   .     (no cloak)
rCorr  .         Warding  .     (no gloves)
rMut   .         Stasis   .     (no boots)
MR     .....                    (no amulet)
Stlth  ++........               (no ring)
                                (no ring)

@: heavily drained, not resistant to hostile enchantments, unstealthy
A: repulsion field 1, powered by pain 1, rot immunity
a: no special abilities


You were on level 5 of the Dungeon.
You were not hungry.

You visited 1 branch of the dungeon, and saw 5 of its levels.

You collected 262 gold pieces.

Inventory:

Armour
 a - a +0 robe (worn)
Jewellery
 d - an uncursed amulet of guardian spirit {unknown}
 n - an uncursed ring of sustain attributes {unknown}
Magical devices
 q - a wand of confusion (26)
Scrolls
 c - a scroll of teleportation {unknown}
 e - 2 scrolls of remove curse {unknown}
 f - a scroll of fog {unknown}
 g - 3 scrolls of enchant armour {unknown}
 h - a scroll of random uselessness {unknown}
 i - 5 scrolls of blinking {unknown}
 j - a scroll of magic mapping {unknown}
 l - 3 scrolls of identify {unknown}
 s - a scroll of recharging {unknown}
Potions
 p - a potion of brilliance
Books
 k - an Akashic Record

   Spells                             Type                      Level
   a - Dispersal                      Translocation                6
   b - Controlled Blink               Translocation                7
   c - Malign Gateway                 Summoning/Translocation      7
   d - Disjunction                    Translocation                8
Comestibles
 b - 4 bread rations


   Skills:
 - Level 3.0(1.7) Fighting
 - Level 2.6(1.4) Dodging
 - Level 1.7(0.5) Stealth
 + Level 9.8(8.2) Unarmed Combat


You had 7 spell levels left.
You didn't know any spells.

Dungeon Overview and Level Annotations

Branches:
Dungeon (5/15)
 Temple: D:4-7

Altars:
Cheibriados
Dithmenos
Elyvilon
Kikubaaqudgha
Okawaru
Ru
Sif Muna
Xom
Yredelemnul

Annotations:
D:4 Natasha
D:5 Pikel


Innate Abilities, Weirdness & Mutations

You are surrounded by a mild repulsion field (EV +2).
You sometimes gain a little power by taking damage.
You are immune to rotting.


Message History

You punch the hound!
You kill the hound!
No target in view!
No target in view!
No target in view!
No target in view!
No target in view!
You start resting.
A wight is nearby!
A wight is nearby!
The wight zaps a wand.
The bolt of lightning hits you!
It is a wand of lightning.
The wight zaps a wand.
The bolt of lightning hits you!
* * * LOW HITPOINT WARNING * * *
You are too injured to fight recklessly!
Drink which item? (? for menu, Esc to quit)
Okay, then.
Unknown command.
The wight zaps a wand.
The bolt of lightning hits you!
You die...

#...##..##)#.# ##8##....)...##
.###.#####[)[.# .# #.#....[<#.#
.# #.#.######.# ...
.###'#.#......# ...
.#.....'.....)# #.##
.'.....#......#########.%#######
.#.....###...)..@.....z.........
.#.....##.#.......(.............
.#.....###.#........8.......8...
##.....# ##.#...........[.......
#.....# ##.#.....8.........8..
#.....# ##.#.................
##.....# ##.#....8.......8...
.......# ##.#...#..#.#..#...
..###### ..#.######...### ##


You could see a wight.

Vanquished Creatures
  Grinder (D:3)
  The ghost of kae the Insei, an average DsMo of Qazlal (D:4)
  A hungry ghost (D:5)
  A slave (D:5)
  A sky beast (D:5)
  An ogre (D:4)
  3 wights (D:5)
  A quasit (D:5)
  A jelly (D:5)
  An orc wizard (D:3)
  2 hounds (D:5)
  An orc priest (D:5)
  A worker ant (D:4)
  Natasha (D:4)
  A hound zombie (D:5)
  A hound skeleton (D:5)
  Robin (D:4)
  3 gnolls (D:5)
  5 adders
  An ooze (D:3)
  A worm (D:2)
  A giant gecko (D:2)
  15 orcs
  2 ball pythons
  7 bats
  3 bat zombies (D:2)
  2 giant cockroaches (D:1)
  13 goblins
  8 hobgoblins
  5 kobolds
  4 giant newts
  A quokka (D:5)
  8 rats
99 creatures vanquished.

Vanquished Creatures (others)
  A quokka (D:3)
1 creature vanquished.

Grand Total: 100 creatures vanquished

Notes
Turn   | Place    | Note
--------------------------------------------------------------
     0 | D:1      | kae the Demonspawn Monk began the quest for the Orb.
     0 | D:1      | Reached XP level 1. HP: 18/18 MP: 1/1
   126 | D:1      | Reached skill level 4 in Unarmed Combat
   129 | D:1      | Gained mutation: You sometimes gain a little power by taking damage. [demonic ancestry]
   129 | D:1      | Reached XP level 2. HP: 10/24 MP: 2/2
   610 | D:2      | Gained mutation: You are surrounded by a mild repulsion field (EV +2). [demonic ancestry]
   610 | D:2      | Reached XP level 3. HP: 22/29 MP: 3/3
  1424 | D:2      | Reached skill level 5 in Unarmed Combat
  1435 | D:2      | Found an ancient bone altar of Kikubaaqudgha.
  1607 | D:3      | Found a basalt altar of Yredelemnul.
  1609 | D:3      | Found a shadowy altar of Dithmenos.
  1683 | D:3      | Found a faded altar to an unknown god.
  1753 | D:3      | Gained mutation: You are immune to rotting. [demonic ancestry]
  1753 | D:3      | Reached XP level 4. HP: 27/35 MP: 4/4
  2039 | D:3      | Found a white marble altar of Elyvilon.
  2061 | D:3      | Noticed Grinder
  2061 | D:3      | Paralysed by Grinder for 4 turns
  2070 | D:3      | Paralysed by Grinder for 5 turns
  2081 | D:3      | Paralysed by Grinder for 6 turns
  2090 | D:3      | Killed Grinder
  2090 | D:3      | Reached skill level 6 in Unarmed Combat
  2090 | D:3      | Reached XP level 5. HP: 41/41 MP: 5/5
  2317 | D:3      | Found an iron altar of Okawaru.
  2516 | D:3      | Reached XP level 6. HP: 38/47 MP: 6/6
  2596 | D:4      | Found a snail-covered altar of Cheibriados.
  2622 | D:4      | Noticed Robin
  2638 | D:4      | Killed Robin
  2831 | D:4      | Found a deep blue altar of Sif Muna.
  2919 | D:4      | Noticed Natasha
  2950 | D:4      | Killed Natasha
  2950 | D:4      | Reached skill level 7 in Unarmed Combat
  3437 | D:4      | Noticed Natasha
  3498 | D:4      | Noticed kae's ghost (average DsMo)
  3508 | D:4      | Killed kae's ghost
  3508 | D:4      | Reached skill level 8 in Unarmed Combat
  3508 | D:4      | Reached XP level 7. HP: 32/52 MP: 7/7
  3869 | D:5      | Entered Level 5 of the Dungeon
  4129 | D:5      | Found a sacrificial altar of Ru.
  4136 | D:5      | Found a shimmering altar of Xom.
  4554 | D:5      | Reached skill level 9 in Unarmed Combat
  4863 | D:5      | Noticed Pikel
  4884 | D:5      | HP: 1/52 [Pikel/whip of freezing (2)]
  5363 | D:5      | Reached XP level 8. HP: 47/58 MP: 8/8
  6015 | D:5      | Killed from afar by a wight

Vault maps used:
D:1:      mrwooster_arrival_statue, patterned_corridor
D:2:      lemuel_zombie_altar_kikubaaqudgha
D:3:      elyvilon_altar_4, gammafunk_temple_overflow_forgotten,
          ecumenical_altar_1, minmay_misc_feat_square, uniq_grinder
D:4:      led_sif_pool, cheibriados_altar_1,
          hangedman_abyss_or_decor_lesser_grid, supply_closet_lemuel,
          uniq_robin, uniq_natasha
D:5:      wad_pebble_path, amethyst_overflow_temple_binary, first_bread,
          uniq_pikel

Action                   |  1- 3 |  4- 6 |  7- 9 || total
-------------------------+-------+-------+-------++-------
Melee: Unarmed           |   141 |   112 |   195 ||   448
  Use: Potion            |       |     6 |     3 ||     9
 Stab: Sleeping          |     6 |     1 |     1 ||     8
       Distracted        |       |       |     2 ||     2
  Eat: Chunk             |     2 |     4 |     1 ||     7
       Meat ration       |       |     1 |     2 ||     3
       Beef jerky        |       |       |     1 ||     1
